 Dungeon Crawl Stone Soup version 0.29.0-4-gdea44cf6ec (webtiles) character file.

Game seed: 12553195106505413966

57 qw the Sneak (level 4, 0/28 HPs)
             Began as a Gargoyle Delver on Sept 10, 2022.
             Killed from afar by Sigmund (1 damage)
             ... with a puff of flame
             ... on level 3 of the Dungeon.
             The game lasted 00:01:10 (2976 turns).

qw the Sneak (Gargoyle Delver)                      Turns: 2976, Time: 00:01:11

Health: 0/28       AC: 10    Str: 18    XL:     4   Next: 0%
Magic:  0/4        EV: 11    Int: 10    God:
Gold:   202        SH:  0    Dex: 11    Spells: 3/3 levels left

rFire   . . .      SeeInvis .   Y - +0 hand axe
rCold   . . .      Faith    .   (no shield)
rNeg    + . .      Spirit   +   h - +0 ring mail
rPois   inf        Reflect  .   (no helmet)
rElec   +          Harm     .   a - +1 cloak
rCorr   .          Rampage  .   (no gloves)
Will    .....                   (no boots)
Stlth   ++........              c - amulet of guardian spirit
HPRegen 0.09/turn               (no ring)
MPRegen 0.09/turn               (no ring)

@: no status effects
A: sickness immunity, AC +3, negative energy resistance 1, electricity
resistance, torment resistance 1, petrification resistance
a: no special abilities


You were on level 3 of the Dungeon.
You visited 1 branch of the dungeon, and saw 5 of its levels.

You collected 202 gold pieces.


Innate Abilities, Weirdness & Mutations

You are immune to sickness and miasma.
Your stone body is resilient. (AC +3)
You are immune to poison.
You resist negative energy. (rN+)
You are resistant to electric shocks. (rElec)
You are resistant to unholy torment.
You are immune to petrification.


   Skills:
 - Level 3.2 Fighting
 - Level 3.5 Axes
 + Level 0.1 Throwing
 - Level 1.0 Armour
 - Level 1.5 Dodging
 - Level 5.4 Stealth


You had 3 spell levels left.
You didn't know any spells.
Your spell library was empty.

Inventory:

Hand Weapons
 b - a +2 whip of electrocution
 Y - a +0 hand axe (weapon)
Missiles
 j - 6 javelins (quivered)
Armour
 a - a +1 cloak (worn)
 d - a +0 pair of boots
 h - a +0 ring mail (worn)
Jewellery
 c - an amulet of guardian spirit (around neck)
Wands
 g - a wand of digging (3)
Potions
 e - a potion of flight {unknown}
 f - a potion of haste
 i - a potion of invisibility {unknown}

Dungeon Overview and Level Annotations

Branches:
Dungeon (5/15)
 Temple: D:4-7

Altars:
Nemelex Xobeh
Sif Muna

Annotations:
D:2 1 runed translucent door, Crazy Yiuf
D:3 Sigmund


Message History

You closely miss Sigmund.
Sigmund is moderately wounded.
Sigmund hits you but does no damage.
You bump into the rock wall.
Sigmund casts a spell at you.
You are more confused.
You bump into the rock wall.
Sigmund gestures at you while chanting. The magic dart hits you!
Sigmund casts a spell at you. The magic dart hits you.
You're too confused to move!
Sigmund barely misses you.
You bump into the rock wall.
You bump into the rock wall.
Sigmund screams, "Die, monster!"
Sigmund casts a spell at you. You resist with some effort.
You hit Sigmund.
Sigmund is moderately wounded.
Sigmund hits you but does no damage.
You're too confused to move!
Sigmund gestures at you while chanting.
The magic dart hits you but does no damage.
You hit Sigmund but do no damage.
Sigmund is moderately wounded.
Sigmund hits you with a +0 scythe.
You're too confused to move!
Sigmund screams, "You will never...
NEVER!!!"
Sigmund closely misses you.
You bump into the rock wall.
You feel less confused.
You hit Sigmund but do no damage.
Sigmund is moderately wounded.
Sigmund closely misses you.
You barely miss Sigmund.
Sigmund is moderately wounded.
Sigmund gestures at you while chanting. The puff of flame hits you.
You die...

#.# #.#
#.##################
#.#.................
#.#.###############.
#.#.# #. #.#.# #.
#.#.####### #.
#.#@@...... #.
#.#################.
#...................
####################


You could see Sigmund.

Vanquished Creatures
  A dart slug (D:1)
  5 endoplasms
  A giant cockroach (D:1)
  2 goblins (D:1)
  3 hobgoblins
  6 jackals
  8 kobolds
  5 quokkas
  6 ball pythons
  4 bats
  3 frilled lizards
  7 rats
51 creatures vanquished.

Vanquished Creatures (others)
  A plant (D:2)
1 creature vanquished.

Grand Total: 52 creatures vanquished

Notes
Turn   | Place    | Note
-------+----------+-------------------------------------------
     0 | D:5      | qw the Gargoyle Delver began the quest for the Orb.
     0 | D:5      | Reached XP level 1. HP: 14/14 MP: 1/1
     0 | D:5      | 0 ||| qw: Version: 0.1-a-116-g5d60599
     0 | D:5      | 0 ||| qw: Game counter: 9152
     0 | D:5      | 0 ||| qw: Always use a shield: true
     0 | D:5      | 0 ||| qw: God list: Okawaru
     0 | D:5      | 0 ||| qw: Allow faded altars: false
     0 | D:5      | 0 ||| qw: Do Orc after D:15 true
     0 | D:5      | 0 ||| qw: Do second Lair branch before Depths: true
     0 | D:5      | 0 ||| qw: Lair rune preference: random
     0 | D:5      | 0 ||| qw: Plans: Normal
     0 | D:5      | 0 ||| PLANNING D:1-11
    55 | D:5      | 55 ||| UPGRADING to +0 ring mail.
    65 | D:5      | 65 ||| DROPPING +0 leather armour.
    66 | D:5      | 66 ||| DROPPING scroll of fog.
    67 | D:5      | 67 ||| DROPPING scroll of magic mapping.
    68 | D:5      | 68 ||| DROPPING scroll of fear.
   118 | D:3      | Found a shimmering blue altar of Sif Muna.
   278 | D:3      | Reached XP level 2. HP: 12/19 MP: 2/2
   532 | D:2      | Found a sparkling altar of Nemelex Xobeh.
   639 | D:2      | Found a faded altar of an unknown god.
   679 | D:2      | Found a runed translucent door.
   680 | D:2      | Noticed Crazy Yiuf
   743 | D:2      | 743 ||| READING scroll labelled NIAPPE TUOTH.
   780 | D:2      | 780 ||| READING scroll labelled OFEOLO ARRIA.
   781 | D:2      | 781 ||| READING 2 scrolls labelled AQICOL HOVUNU.
   971 | D:1      | Reached skill level 3 in Axes
  1111 | D:1      | Noticed a five-headed hydra
  1111 | D:1      | Noticed a hog
  1111 | D:1      | Noticed a swamp worm
  1111 | D:1      | Noticed a redback
  1112 | D:1      | Noticed an anaconda
  1168 | D:1      | Reached XP level 3. HP: 23/23 MP: 3/3
  1262 | D:1      | 1262 ||| Stepping ~*~*~tactically~*~*~ (hiding).
  1364 | D:1      | 1364 ||| Stepping ~*~*~tactically~*~*~ (hiding).
  1466 | D:1      | 1466 ||| Stepping ~*~*~tactically~*~*~ (hiding).
  1584 | D:1      | 1584 ||| Stepping ~*~*~tactically~*~*~ (stealth).
  1586 | D:1      | 1586 ||| Stepping ~*~*~tactically~*~*~ (stealth).
  1588 | D:1      | 1588 ||| Stepping ~*~*~tactically~*~*~ (stealth).
  1592 | D:1      | 1592 ||| Stepping ~*~*~tactically~*~*~ (stealth).
  1593 | D:1      | 1593 ||| Stepping ~*~*~tactically~*~*~ (stealth).
  1595 | D:1      | 1595 ||| Stepping ~*~*~tactically~*~*~ (stealth).
  1597 | D:1      | 1597 ||| Stepping ~*~*~tactically~*~*~ (stealth).
  1599 | D:1      | 1599 ||| Stepping ~*~*~tactically~*~*~ (stealth).
  1665 | D:1      | 1665 ||| Stepping ~*~*~tactically~*~*~ (stealth).
  1670 | D:1      | 1670 ||| Stepping ~*~*~tactically~*~*~ (stealth).
  1702 | D:1      | 1702 ||| Stepping ~*~*~tactically~*~*~ (stealth).
  1711 | D:1      | 1711 ||| Stepping ~*~*~tactically~*~*~ (stealth).
  1712 | D:1      | 1712 ||| Stepping ~*~*~tactically~*~*~ (stealth).
  1713 | D:1      | 1713 ||| Stepping ~*~*~tactically~*~*~ (stealth).
  1715 | D:1      | 1715 ||| Stepping ~*~*~tactically~*~*~ (stealth).
  1723 | D:1      | 1723 ||| Stepping ~*~*~tactically~*~*~ (stealth).
  1724 | D:1      | 1724 ||| Stepping ~*~*~tactically~*~*~ (stealth).
  1809 | D:1      | 1809 ||| Stepping ~*~*~tactically~*~*~ (stealth).
  1812 | D:1      | 1812 ||| Stepping ~*~*~tactically~*~*~ (stealth).
  1902 | D:1      | 1902 ||| Stepping ~*~*~tactically~*~*~ (stealth).
  1904 | D:1      | 1904 ||| Stepping ~*~*~tactically~*~*~ (stealth).
  1905 | D:1      | 1905 ||| Stepping ~*~*~tactically~*~*~ (stealth).
  1916 | D:1      | 1916 ||| Stepping ~*~*~tactically~*~*~ (stealth).
  1920 | D:1      | 1920 ||| Stepping ~*~*~tactically~*~*~ (stealth).
  2166 | D:1      | 2166 ||| UPGRADING to +0 cloak.
  2171 | D:1      | 2171 ||| READING scroll of enchant armour.
  2171 | D:1      | 2171 ||| ENCHANTING +0 cloak.
  2172 | D:1      | 2172 ||| UPGRADING to amulet of guardian spirit.
  2177 | D:1      | 2177 ||| READING scroll labelled DAOWASK MELL.
  2210 | D:2      | 2210 ||| Stepping ~*~*~tactically~*~*~ (stealth).
  2212 | D:2      | 2212 ||| Stepping ~*~*~tactically~*~*~ (stealth).
  2214 | D:2      | 2214 ||| Stepping ~*~*~tactically~*~*~ (stealth).
  2215 | D:2      | 2215 ||| Stepping ~*~*~tactically~*~*~ (stealth).
  2216 | D:2      | 2216 ||| Stepping ~*~*~tactically~*~*~ (stealth).
  2248 | D:2      | Reached skill level 1 in Armour
  2458 | D:2      | 2458 ||| READING scroll labelled WIYCVACK HADIA.
  2459 | D:2      | 2459 ||| READING scroll labelled QAMMIDAPAPS.
  2500 | D:3      | 2500 ||| STAIRDANCE
  2761 | D:3      | Identified the +11 shortbow of Mana {vorpal, rElec Will+}
  2821 | D:3      | Reached XP level 4. HP: 28/28 MP: 4/4
  2849 | D:3      | Noticed Sigmund
  2850 | D:3      | 2850 ||| Stepping ~*~*~tactically~*~*~ (hiding).
  2952 | D:3      | 2952 ||| Stepping ~*~*~tactically~*~*~ (hiding).
  2965 | D:3      | HP: 6/28 [Sigmund/magic dart (6)]
  2966 | D:3      | HP: 2/28 [Sigmund/magic dart (4)]
  2972 | D:3      | HP: 1/28 [Sigmund/+0 scythe (2)]
  2976 | D:3      | Killed from afar by Sigmund

Levels and vault maps discovered:
D:1:      onia_arrival_zoo_common, layout_loops_ring,
          amcnicky_mini_corridor_feature
D:2:      layout_rooms, dreamdust_ecumenical_altar_grove, basic_altar,
          uniq_crazy_yiuf_cottage
D:3:      layout_basic, amcnicky_altar_gilded, uniq_sigmund
D:4:      layout_loops_ring, mainiacjoe_overflow_24_doors,
          grunt_decor_mini_mirrors, nicolae_take_the_stairs,
          grunt_ministairs_11, uniq_duvessa
D:5:      layout_gridville, uniq_eustachio

Skill      XL: |  1  2  3 |
---------------+----------+-----
Axes           | 2 3 |  3.5
Armour         | 1 |  1.0
Fighting       | |  3.2
Throwing       | |  0.1
Dodging        | |  1.5
Stealth        | |  5.4

Action                   |  1- 3 |  4- 6 || total
-------------------------+-------+-------++-------
Melee: Hand axe          |   182 |    10 ||   192
       Punch             |     2 |       ||     2
Throw: Javelin           |     1 |       ||     1
  Use: Scroll            |     7 |       ||     7
 Stab: Sleeping          |     1 |       ||     1
Armor: Ring mail         |    80 |     3 ||    83
Dodge: Dodged            |   104 |     5 ||   109

Table legend:
 A = Non-vault XP
 B = Vault XP
 C = Vault XP percentage of total XP
 D = Non-vault monster count
 E = Vault monster count
 F = Vault count percentage of total count
                 A         B        C        D         E       F
            +---------+---------+-------+---------+---------+-------
      Total |      82 |       0 |   0.0 |      51 |       0 |   0.0
            +---------+---------+-------+---------+---------+-------
        D:1 |      44 |       0 |   0.0 |      26 |       0 |   0.0
        D:2 |      14 |       0 |   0.0 |      10 |       0 |   0.0
        D:3 |      24 |       0 |   0.0 |      15 |       0 |   0.0
            +---------+---------+-------+---------+---------+-------
